 Dungeon Crawl Stone Soup version 0.30-a0-1116-gebefce21f7 (webtiles) character file.

Game seed: 16064291287554447907

102379 BigDaddyOpFi the End of an Era (level 15, -9/139 HPs)
             Began as an Armataur Fighter on Apr 20, 2023.
             Was the Champion of Qazlal.
             Mangled by a sun demon (15 damage)
             ... on level 3 of the Abyss on Apr 21, 2023.
             The game lasted 00:46:43 (28355 turns).

BigDaddyOpFi the End of an Era (Armataur Fighter)  Turns: 28355, Time: 00:46:44

Health: -9/139     AC: 32    Str: 33      XL:     15   Next: 86%
Magic:  27/27      EV:  9    Int:  3 (5)  God:    Qazlal [******]
Gold:   1623       SH: 16    Dex: 15      Spells: 14/14 levels left

rFire   + . .      SeeInvis .    m - +3 broad axe (venom)
rCold   . . .      Faith    .    c - +1 buckler
rNeg    . . .      Spirit   .    D - +5 plate armour
rPois   .          Reflect  .    (helmet unavailable)
rElec   +          Roll     +    J - +0 cloak
rCorr   .                        i - +1 Delatra's gloves {ID++}
Will    +....                    E - +2 barding Stlth
                                 y - amulet of Dishonour {RegenMP Fly}
HPRegen 0.43/turn                F - +5 ring of evasion
MPRegen 0.60/turn                l - +6 ring of strength

@: about to teleport, protected from fire, flying, studying Unarmed Combat,
repel missiles
A: large, rugged brown scales 3, deformed body, armoured tail, roll, long
tongue, awkward tongue, horns 3, stinger 1, camouflage 1, agile 1, dopey 1,
electricity resistance
a: Renounce Religion, Upheaval, Elemental Force, Disaster Area


You were on level 3 of the Abyss.
You worshipped Qazlal.
Qazlal was exalted by your worship.
You visited 4 branches of the dungeon, and saw 23 of its levels.
You visited the Abyss 1 time.
You also visited: Gauntlet and Ice Cave.

You collected 2083 gold pieces.
You spent 460 gold pieces at shops.

Inventory:

Hand Weapons
 m - a +3 broad axe of venom (weapon)
 x - the +3 dagger of the Trees {speed, rN++ rCorr Dex-3}
   (You found it on level 4 of the Dungeon)

   Dex:       It affects your dexterity (-3).
   rN:        It greatly protects you from negative energy.
   rCorr:     It protects you from acid and corrosion.
 z - the +7 flail of the Antique God {venom, rC+ Str-5 Int+6}
   (You found it on level 13 of the Dungeon)

   Str:       It affects your strength (-5).
   Int:       It affects your intelligence (+6).
   rC:        It protects you from cold.
Missiles
 O - 5 throwing nets
 U - 7 silver javelins
Armour
 c - a +1 buckler (worn)
 i - the +1 Delatra's gloves (worn) {ID++}
   (You found it on level 2 of the Dungeon)

   ID++:      It heals its wearer when they drink unknown potions, and restores
   their MP when they read unknown scrolls.
 w - the +0 toga "Victory" {*Victory Clar}
   (You found it on level 11 of the Dungeon)

   *Victory:  When the wearer kills a threatening monster, it has a chance to
   gain +1 AC, +1 Slay, and +1 Int, capping at +7.
   When the wearer uses a scroll or a potion with a hostile monster in sight,
   its bonuses reset to +0.
   Unequipping it also resets its bonuses to +0.
   Clar:      It protects you against confusion.
 D - a +5 plate armour (worn)
 E - a +2 barding (worn)
 J - a +0 cloak (worn)
Jewellery
 l - a +6 ring of strength (right hand)
 u - a ring of protection from cold
 v - a ring of positive energy
 y - the amulet of Dishonour (around neck) {RegenMP Fly}
   (You found it on level 1 of the Lair of Beasts)

   [amulet of magic regeneration]

   It increases your rate of magic regeneration.
   Fly:       It grants you flight.
 C - the ring of Xom's Attic {Ice Dex+3}
   (You found it on level 5 of the Dungeon)

   [ring of ice]

   It enhances your ice magic.
   Dex:       It affects your dexterity (+3).
   rF:        It makes you vulnerable to fire.
   rC:        It protects you from cold.
 F - a +5 ring of evasion (left hand)
 L - a ring of see invisible
 T - a ring of ice
 V - a ring of fire
Wands
 k - a wand of acid (2)
 o - a wand of polymorph (11)
 G - a wand of mindburst (14)
 I - a wand of paralysis (12)
 P - a wand of iceblast (12)
 Y - a wand of flame (10)
Scrolls
 b - a scroll of immolation
 e - 4 scrolls of poison
 g - 3 scrolls of fog
 h - a scroll of silence
 j - 2 scrolls of butterflies
 t - 7 scrolls of magic mapping
 H - 5 scrolls of teleportation
 K - a scroll of brand weapon
 M - 4 scrolls of identify
 R - 3 scrolls of fear
 Z - 2 scrolls of blinking
Potions
 a - a potion of haste
 d - 4 potions of lignification
 f - a potion of curing
 n - 3 potions of attraction
 q - 2 potions of might
 r - 6 potions of brilliance
 s - 3 potions of resistance
 B - 2 potions of flight
 N - a potion of mutation
 Q - a potion of degeneration
 W - a potion of cancellation
Miscellaneous
 p - a box of beasts
 S - a phantom mirror (quivered)


   Skills:
 + Level 11.5 Fighting
 + Level 10.5 Axes
 + Level 14.9 Armour
 + Level 13.5 Shields
 * Level 16.3 Invocations


You had 14 spell levels left.
You didn't know any spells.
Your spell library contained the following spells:

 Spells                   Type           Power      Damage    Failure   Level
 Apportation              Tloc           0%         N/A       97%         1
 Foxfire                  Conj/Fire      0%         2x1d4     97%         1
 Kiss of Death            Conj/Necr      0%         2d5       97%         1
 Necrotise                Necr           0%         1d4       97%         1
 Sandblast                Erth           0%         2d4       97%         1
 Shock                    Conj/Air       0%         1d3       97%         1
 Sting                    Tmut/Pois      0%         1d3       97%         1
 Ensorcelled Hibernation  Hex/Ice        0%         N/A       99%         2
 Passwall                 Tmut/Erth      0%         N/A       99%         2
 Poisonous Vapours        Pois/Air       0%         N/A       99%         2
 Confusing Touch          Hex            0%         N/A       100%        3
 Gell's Gravitas          Tloc           0%         N/A       100%        3
 Spider Form              Tmut/Pois      0%         N/A       100%        3
 Stone Arrow              Conj/Erth      0%         3d7       100%        3
 Swiftness                Air            0%         N/A       100%        3
 Teleport Other           Tloc           0%         N/A       100%        3
 Vampiric Draining        Necr           0%         2d6       100%        3
 Vhi's Electric Charge    Tloc/Air       0%         N/A       100%        3
 Airstrike                Air            0%         2d(0-16)  100%        4
 Anguish                  Hex/Necr       0%         N/A       100%        4
 Dispel Undead            Necr           0%         3d6       100%        4
 Olgreb's Toxic Radiance  Pois           0%         N/A       100%        4
 Summon Ice Beast         Ice/Summ       0%         N/A       100%        4
 Agony                    Necr           0%         N/A       100%        5
 Alistair's Intoxication  Tmut/Pois      0%         N/A       100%        5
 Arcjolt                  Conj/Air       0%         1d10      100%        5
 Fireball                 Conj/Fire      0%         3d3       100%        5
 Irradiate                Conj/Tmut      0%         3d11      100%        5
 Summon Mana Viper        Hex/Summ       0%         N/A       100%        5
 Yara's Violent Unravell  Hex/Tmut       0%         3d3       100%        5
 Dispersal                Tloc           0%         N/A       100%        6
 Plasma Beam              Fire/Air       0%         2x1d11    100%        6
 Starburst                Conj/Fire      0%         6d3       100%        6
 Monstrous Menagerie      Summ           0%         N/A       100%        7
 Maxwell's Capacitive Co  Air            0%         ∞         100%        8
 Necromutation            Tmut/Necr      0%         N/A       100%        8


Dungeon Overview and Level Annotations

Branches:
Dungeon (15/15)            Temple (1/1) D:4            Lair (5/5) D:8
 Shoals (0/4) Lair:3       Spider (0/4) Lair:3        Slime (0/5) Lair:5
    Orc (2/2) D:12            Elf (0/3) Orc:2        Vaults (0/5) D:14
  IceCv (visited)         Gauntlet (visited)
 Depths: D:15

Altars:
Ashenzari
Cheibriados
Dithmenos
Elyvilon
Fedhas
Gozag
Hepliaklqana
Kikubaaqudgha
Makhleb
Nemelex Xobeh
Okawaru
Qazlal
Ru
Sif Muna
Trog
Uskayaw
Vehumet
Wu Jian
Xom
Yredelemnul
Zin
The Shining One
Lugonu

Shops:
D:9 *[   D:10 !   D:12 *   Orc:2 :!:=[

Portals:
Abyss: Lair:5

Annotations:
D:14 exclusion: 2 obsidian statues
Lair:5 3 runed translucent doors, TheSexyCheese's ghost, journeyman OgFE


Innate Abilities, Weirdness & Mutations

You are completely covered in rugged brown scales. (AC +3, +7% HP)
Armour fits poorly on your strangely shaped body.
You have a long armoured tail.
You roll when moving toward enemies. (Rampage)
Your long tongue fully drains potion bottles. (2x potion effects)
Your tongue gives you trouble enunciating. (1.5x scroll delay)
You have a pair of large horns on your head.
Your tail ends in a venomous barb.
Your skin changes colour to match your surroundings (Stealth+).
You are agile. (Dex +4, Str/Int -1)
You are dopey. (Int -2)
You are resistant to electric shocks. (rElec)


Message History

Orders for allies: a - Attack new target. r - Retreat! s - Stop attacking. g - Guard the area. f - Follow me.
Anything else - Cancel.
Okay, then.
You hear a bellow!
Something hits you but does no damage.
As you slowly read the scroll of teleportation, it crumbles to dust.
You feel strangely unstable.
You feel the power of the Abyss delaying your translocation!
You hear a bellow!
You hear a shout!
Something hits you.
* * * LOW HITPOINT WARNING * * *
Something hits you but does no damage. x2
Something hits you but does no damage. You block something's attack.
A ynoxinul and a sun demon come into view.
You hear a bellow!
Something hits you but does no damage.
Something hits you but does no damage. x2
The neqoxec gestures at you.
Something tries to feed on your intellect!
You hit something.
Your tail-slap misses something.
You hear a roar!
Something hits you but does no damage. Something hits you but does no damage.
You block something's attack. Something hits you but does no damage.
You closely miss something.
The ynoxinul bellows!
Your tail-slap misses something.
Something hits you.
* * * LOW HITPOINT WARNING * * *
Something hits you but does no damage.
The ynoxinul is engulfed in blazing flames.
The ynoxinul gestures.
The sun demon hits you.
* * * LOW HITPOINT WARNING * * *
You are engulfed in flames!
Your resistance to physical damage fades away.
You feel protected from fire.
You die...

..... #......#..#.
.....##......#.#.#
..............#.##.#
...............#...
.......5..5.....#.#
......○°§3§...# .
........3.....# .#
.......@○3°.°.##.#
.....##○°..3.#..# #
##. #...§.§## #..#
.............§
#...........#.§
#.....##....#.§
##....##......#
.##... ........#
.#..## § .


You could see a sun demon, a neqoxec, 2 ynoxinuls and 2 ufetubi.

Vanquished Creatures
  A bone dragon (Abyss:3)
  Rupert (D:14)
  Gastronok (D:8)
  2 tentacled starspawn (Abyss:3)
  A balrug (Orc:1)
  An orc warlord (Orc:2)
  A spark wasp (shapeshifter) (Lair:5)
  A blizzard demon (Abyss:3)
  7 hydras
  Harold (D:11)
  A hell beast (Gauntlet)
  Erolcha (D:9)
  7 centaur warriors
  4 boulder beetles
  6 catoblepae
  A two-headed ogre (D:11)
  2 tengu warriors (D:14)
  3 orc high priests (Orc:2)
  3 thrashing horrors (Lair:5)
  A wretched star (Gauntlet)
  2 skysharks (Lair:2)
  Amaemon (Lair:1)
  2 fire crabs
  2 deep elf archers
  6 orc knights
  4 starcursed masses (Abyss:3)
  A deep elf pyromancer (D:15)
  5 orc sorcerers
  A deep elf zephyrmancer (D:15)
  16 ugly things
  3 manticores
  5 cyclopes
  An apocalypse crab (Abyss:3)
  2 black mambas
  2 smoke demons
  2 molten gargoyles (Gauntlet)
  An orange demon (Lair:1)
  5 cane toads
  2 gargoyles
  8 komodo dragons
  An unseen horror (D:12)
  7 rime drakes
  A kobold demonologist (D:8)
  A tengu conjurer (D:14)
  An ancient zyme (Lair:5)
  2 hornets
  5 polar bears (Lair:3)
  6 trolls
  21 blink frogs
  A raiju (shapeshifter) (D:11)
  5 large abominations
  A raiju (Abyss:3)
  Sigmund (D:2)
  6 shadows
  74 yaks
  3 ynoxinuls (Lair:5)
  2 spriggans (Lair:5)
  6 wyverns
  19 humans
  5 wraiths
  3 fire bats (Gauntlet)
  3 basilisks
  5 vampire mosquitoes
  A death yak simulacrum (IceCv)
  3 neqoxecs
  2 chaos spawn (Lair:5)
  3 redbacks (Lair:3)
  An acid dragon (D:10)
  A warg (shapeshifter) (D:13)
  6 wargs
  A hell hound (Gauntlet)
  Duvessa (D:7)
  11 water moccasins
  21 orc warriors
  2 sky beasts
  3 black bears (D:8)
  4 ice beasts
  10 ogres
  16 centaurs
  20 wolves
  2 phantoms
  3 kobold brigands (D:8)
  14 small abominations
  A two-headed ogre simulacrum (IceCv)
  8 bullfrogs
  2 gnoll sergeants (D:10)
  4 scorpions
  A cane toad simulacrum (Lair:1)
  15 wights
  Dowan (D:7)
  7 killer bees
  7 howler monkeys
  2 hounds
  20 orc priests
  A gnoll bouda (D:6)
  3 iguanas
  20 orc wizards
  7 hell rats
  3 polar bear simulacra
  A spriggan simulacrum (IceCv)
  A troll simulacrum (IceCv)
  8 adders
  11 gnolls
  A white imp (IceCv)
  2 ufetubi
  3 worms
  A dart slug (D:1)
  58 orcs
  6 bats
  15 endoplasms
  7 giant cockroaches
  8 goblins
  4 hobgoblins
  14 jackals
  24 kobolds
  4 quokkas
  5 ball pythons
  A frilled lizard (D:2)
  8 rats
  A butterfly (Lair:2)
  A lurking horror (Abyss:3)
  A starspawn tentacle (Abyss:3)
708 creatures vanquished.

Vanquished Creatures (collateral kills)
  A minotaur (Gauntlet)
  Nessos (D:14)
2 creatures vanquished.

Vanquished Creatures (others)
  4 demonic plants (Gauntlet)
  11 fungi
  18 plants
  16 starspawn tentacles (Abyss:3)
  4 withered plants (D:12)
53 creatures vanquished.

Grand Total: 763 creatures vanquished

Notes
Turn   | Place    | Note
-------+----------+-------------------------------------------
     0 | D:1      | BigDaddyOpFi the Armataur Fighter began the quest for the
                  | Orb.
     0 | D:1      | Reached XP level 1. HP: 19/19 MP: 1/1
    94 | D:1      | Reached XP level 2. HP: 26/26 MP: 2/2
   568 | D:1      | Reached XP level 3. HP: 33/33 MP: 3/3
   932 | D:2      | Found the +1 Delatra's gloves {ID++}
  1119 | D:2      | Noticed Sigmund
  1138 | D:2      | Killed Sigmund
  1139 | D:2      | Reached XP level 4. HP: 42/42 MP: 4/4
  1139 | D:2      | Reached XP level 5. HP: 49/49 MP: 5/5
  1174 | D:2      | Reached skill level 5 in Armour
  1786 | D:3      | Identified the +2 ring mail of Fun and Games {Dex+3}
  1886 | D:3      | Reached XP level 6. HP: 22/55 MP: 6/6
  2149 | D:3      | Found a faded altar of an unknown god.
  2746 | D:4      | Identified the +3 dagger of the Trees {speed, rN++ rCorr
                  | Dex-3}
  3113 | D:4      | Found a staircase to the Ecumenical Temple.
  3225 | Temple   | Entered the Ecumenical Temple
  3315 | Temple   | Became a worshipper of Qazlal Stormbringer
  3530 | D:4      | Found a radiant altar of Vehumet.
  3705 | D:5      | Entered Level 5 of the Dungeon
  3729 | D:5      | Noticed a water moccasin
  3743 | D:5      | Reached skill level 5 in Shields
  3750 | D:5      | Reached skill level 1 in Invocations
  3759 | D:5      | Killed a water moccasin
  3760 | D:5      | Reached XP level 7. HP: 43/63 MP: 6/8
  3893 | D:5      | Identified the ring of Xom's Attic {Ice Dex+3}
  3911 | D:5      | Reached skill level 2 in Invocations
  4289 | D:5      | Reached skill level 3 in Invocations
  4652 | D:5      | Found a hide-covered altar of Uskayaw.
  4867 | D:6      | Reached XP level 8. HP: 65/71 MP: 10/10
  4909 | D:6      | Gained mutation: You have a pair of small horns on your
                  | head. [potion of mutation]
  4909 | D:6      | Gained mutation: You have a pair of horns on your head.
                  | [potion of mutation]
  4909 | D:6      | Gained mutation: You have sharp toenails. [potion of
                  | mutation]
  4909 | D:6      | Gained mutation: You occasionally lose the ability to drink
                  | potions when taking damage. [potion of mutation]
  4909 | D:6      | Gained mutation: You have very sharp teeth. [potion of
                  | mutation]
  4909 | D:6      | Gained mutation: You possess an exceptional clarity of
                  | mind. [potion of mutation]
  5039 | D:6      | Found an ornate altar of the Wu Jian Council.
  5054 | D:6      | Reached skill level 4 in Invocations
  5225 | D:6      | Found a snail-covered altar of Cheibriados.
  5526 | D:6      | Reached skill level 5 in Fighting
  5544 | D:6      | Reached * piety under Qazlal
  5897 | D:6      | Reached skill level 5 in Invocations
  6055 | D:7      | Noticed a hornet
  6061 | D:7      | Noticed a cyclops
  6062 | D:7      | Paralysed by a hornet for 2 turns
  6067 | D:7      | Killed a hornet
  6068 | D:7      | Reached XP level 9. HP: 59/79 MP: 11/13
  6075 | D:7      | Killed a cyclops
  6076 | D:7      | Reached skill level 6 in Invocations
  6082 | D:7      | Reached skill level 5 in Axes
  6355 | D:7      | Found a glowing silver altar of Zin.
  6458 | D:7      | Found an iron altar of Okawaru.
  6532 | D:7      | Noticed Duvessa
  6533 | D:7      | Noticed Dowan
  6541 | D:7      | Killed Duvessa
  6542 | D:7      | Reached skill level 7 in Invocations
  6545 | D:7      | Killed Dowan
  6978 | D:8      | Reached ** piety under Qazlal
  7043 | D:8      | Reached XP level 10. HP: 88/88 MP: 15/15
  7064 | D:8      | Identified a scroll of acquirement
  7064 | D:8      | Acquired a +2 broad axe of electrocution
  7568 | D:8      | Noticed Gastronok
  7603 | D:8      | Killed Gastronok
  7604 | D:8      | Reached skill level 8 in Invocations
  7914 | D:8      | Found a staircase to the Lair.
  7929 | D:8      | You fall into a shaft and drop 3 floors!
  7967 | D:11     | Found the +0 toga "Victory" {*Victory Clar}
  7968 | D:11     | Noticed a gargoyle
  7971 | D:10     | Entered Level 10 of the Dungeon
  7989 | D:10     | Killed a gargoyle
  7990 | D:10     | Reached skill level 9 in Invocations
  8082 | D:10     | Reached XP level 11. HP: 71/98 MP: 17/17
  8224 | D:10     | Found Somaot's Distillery.
  8585 | D:9      | Reached *** piety under Qazlal
  8631 | D:9      | Found Risyatz's Armour Shoppe.
  8638 | D:9      | Bought a +0 cloak for 63 gold pieces
  8689 | D:9      | Found Baantur's Jewellery Shoppe.
  8694 | D:9      | Found Orodenae's General Store.
  8793 | D:9      | Found a sacrificial altar of Ru.
  8882 | D:9      | Noticed Erolcha
  8893 | D:9      | Killed Erolcha
  8894 | D:9      | Reached skill level 10 in Armour
  8894 | D:9      | Reached skill level 10 in Invocations
  8954 | D:9      | Found Veowad's Magic Scroll Emporium.
  9280 | D:8      | Found a bloodstained altar of Trog.
  9280 | D:8      | Found an ancient bone altar of Kikubaaqudgha.
 10219 | D:11     | Reached **** piety under Qazlal
 10447 | D:11     | Noticed a two-headed ogre
 10453 | D:11     | Killed a two-headed ogre
 10540 | D:11     | Noticed Harold
 10679 | D:11     | Killed Harold
 10801 | D:11     | Reached XP level 12. HP: 108/108 MP: 20/20
 11224 | Lair:1   | Entered Level 1 of the Lair of Beasts
 11507 | Lair:1   | Found a frozen archway.
 11521 | IceCv    | Entered an ice cave
 11533 | IceCv    | Reached skill level 11 in Invocations
 11803 | Lair:1   | Noticed a boulder beetle
 11813 | Lair:1   | Killed a boulder beetle
 11814 | Lair:1   | Identified the amulet of Dishonour {RegenMP Fly}
 11962 | Lair:1   | Noticed Amaemon
 11969 | Lair:1   | Killed Amaemon
 11970 | Lair:1   | Reached skill level 10 in Shields
 12750 | Lair:2   | Noticed an eight-headed hydra
 13349 | Lair:2   | Killed a 14-headed hydra
 14438 | Lair:2   | Noticed a seven-headed hydra
 14475 | Lair:2   | Noticed a seven-headed hydra
 14502 | Lair:2   | Killed a ten-headed hydra
 14765 | Lair:2   | Identified the -2 pair of gloves of Depression {rPois Int-4
                  | Slay+2}
 14861 | Lair:3   | Reached skill level 12 in Invocations
 15007 | Lair:3   | Found a staircase to the Shoals.
 15107 | Lair:3   | Found a gate leading to a gauntlet.
 15116 | Gauntlet | Entered a Gauntlet
 15116 | Gauntlet | Found a transporter.
 15126 | Gauntlet | Found a transporter.
 15129 | Gauntlet | Found a transporter.
 15130 | Gauntlet | Found a transporter.
 15138 | Gauntlet | Found a transporter.
 15141 | Gauntlet | Found a transporter.
 15143 | Gauntlet | Found a transporter.
 15149 | Gauntlet | Found a runed translucent door.
 15152 | Gauntlet | Found a transporter.
 15153 | Gauntlet | Found a transporter.
 15154 | Gauntlet | Found a transporter.
 15154 | Gauntlet | Noticed a hell beast
 15162 | Gauntlet | Found a transporter.
 15165 | Gauntlet | Found a transporter.
 15166 | Gauntlet | Found a transporter.
 15168 | Gauntlet | Noticed a catoblepas
 15172 | Gauntlet | Found a runed translucent gate.
 15172 | Gauntlet | Found a runed translucent gate.
 15172 | Gauntlet | Found a runed translucent gate.
 15174 | Gauntlet | Found a transporter.
 15273 | Gauntlet | Reached XP level 13. HP: 80/118 MP: 22/22
 15596 | Gauntlet | Identified the +1 pair of gloves "Xaorey Sylit" {rN+}
 15622 | Gauntlet | Gained mutation: Your body sometimes deteriorates upon
                  | taking damage. [a neqoxec]
 15627 | Gauntlet | Gained mutation: Your magical capacity is low. (-10% MP) [a
                  | neqoxec]
 15632 | Gauntlet | Identified the +3 helmet "Tecydun" {rC- rN+++ Str+5}
 15682 | Gauntlet | Noticed a minotaur
 15685 | Gauntlet | Killed a minotaur
 15695 | Gauntlet | Identified the staff of death "Hece" {Drain +Blink rN+
                  | Str+6 Dex+2}
 15695 | Gauntlet | Identified the +2 longbow "Otenk" {drain, rElec Dex+3
                  | Stlth-}
 15805 | Lair:3   | Reached ***** piety under Qazlal
 15857 | Lair:3   | Found a hole to the Spider Nest.
 15970 | Lair:3   | Reached skill level 13 in Invocations
 16265 | Lair:3   | Identified the +2 chain mail of the Pits of Slime {rF+++
                  | Str+2}
 17739 | Lair:5   | Entered Level 5 of the Lair of Beasts
 17755 | Lair:5   | Reached ****** piety under Qazlal
 17761 | Lair:5   | Reached XP level 14. HP: 103/127 MP: 21/21
 17803 | Lair:5   | Reached skill level 10 in Fighting
 18148 | Lair:5   | Noticed TheSexyCheese's ghost (journeyman OgFE)
 18200 | Lair:5   | Found a runed translucent gate.
 18201 | Lair:5   | Found a runed translucent gate.
 18201 | Lair:5   | Found a runed translucent gate.
 18299 | Lair:5   | Reached skill level 14 in Invocations
 18357 | Lair:5   | Found a staircase to the Slime Pits.
 18412 | Lair:5   | Identified the +1 scale mail of Jago {rPois}
 18957 | Lair:5   | Found a corrupted altar of Lugonu.
 18957 | Lair:5   | Found a one-way gate to the infinite horrors of the Abyss.
 19164 | Lair:5   | Upgraded the game from 0.30-a0-1114-gd936c97349 to
                  | 0.30-a0-1116-gebefce21f7
 19811 | D:12     | Found a basalt altar of Yredelemnul.
 19891 | D:12     | Found a staircase to the Orcish Mines.
 20174 | D:12     | Found Bonimis's Assorted Antiques.
 20179 | D:12     | Bought a scroll of brand weapon for 332 gold pieces
 20683 | D:13     | Got Sif Muna's Reference Book on Metamorphosis and the Jinx
 20825 | D:13     | Identified the +7 flail of the Antique God {venom, rC+
                  | Str-5 Int+6}
 21134 | D:14     | Noticed Nessos
 21134 | D:14     | Noticed Rupert
 21134 | D:14     | Found a gate to the Vaults.
 21193 | D:14     | Killed Rupert
 21194 | D:14     | Reached skill level 15 in Invocations
 21250 | D:14     | Killed Nessos
 21674 | D:15     | Entered Level 15 of the Dungeon
 21792 | D:14     | Reached XP level 15. HP: 132/136 MP: 23/23
 21861 | D:14     | Found a broken altar of Ashenzari.
 23242 | Orc:1    | Entered Level 1 of the Orcish Mines
 23582 | Orc:1    | Paralysed by an orc sorcerer for 5 turns
 23880 | Orc:1    | Found a runed translucent door.
 24012 | Orc:1    | Reached skill level 10 in Axes
 26068 | Orc:1    | Lost mutation: Your magical capacity is low. (-10% MP)
                  | [potion of mutation]
 26068 | Orc:1    | Lost mutation: You have very sharp teeth. [potion of
                  | mutation]
 26068 | Orc:1    | Lost mutation: Your body sometimes deteriorates upon taking
                  | damage. [potion of mutation]
 26068 | Orc:1    | Lost mutation: You possess an exceptional clarity of mind.
                  | [potion of mutation]
 26068 | Orc:1    | Lost mutation: You have a pair of horns on your head.
                  | [potion of mutation]
 26068 | Orc:1    | Lost mutation: You have sharp toenails. [potion of
                  | mutation]
 26068 | Orc:1    | Gained mutation: You are agile. (Dex +4, Str/Int -1)
                  | [potion of mutation]
 26068 | Orc:1    | Gained mutation: You have a pair of horns on your head.
                  | [potion of mutation]
 26068 | Orc:1    | Gained mutation: You sometimes lose your temper in combat.
                  | [potion of mutation]
 26068 | Orc:1    | Gained mutation: Your spells are a little harder to cast,
                  | but a little more powerful. [potion of mutation]
 26068 | Orc:1    | Gained mutation: You are frail. (-10% HP) [potion of
                  | mutation]
 26068 | Orc:1    | Gained mutation: You occasionally shout uncontrollably at
                  | your foes. [potion of mutation]
 26068 | Orc:1    | Gained mutation: A frigid envelope surrounds you and
                  | freezes all who hurt you. [potion of mutation]
 26069 | Orc:1    | Lost mutation: You sometimes lose your temper in combat.
                  | [potion of mutation]
 26069 | Orc:1    | Lost mutation: Your spells are a little harder to cast, but
                  | a little more powerful. [potion of mutation]
 26069 | Orc:1    | Lost mutation: A frigid envelope surrounds you and freezes
                  | all who hurt you. [potion of mutation]
 26069 | Orc:1    | Lost mutation: You occasionally shout uncontrollably at
                  | your foes. [potion of mutation]
 26069 | Orc:1    | Gained mutation: You sometimes lose your temper in combat.
                  | [potion of mutation]
 26069 | Orc:1    | Gained mutation: Your flesh is heat resistant. (rF+)
                  | [potion of mutation]
 26069 | Orc:1    | Gained mutation: Your flesh is cold resistant. (rC+)
                  | [potion of mutation]
 26069 | Orc:1    | Gained mutation: You are resistant to electric shocks.
                  | (rElec) [potion of mutation]
 26069 | Orc:1    | Lost mutation: You are frail. (-10% HP) [potion of
                  | mutation]
 26069 | Orc:1    | Gained mutation: Your tail ends in a venomous barb. [potion
                  | of mutation]
 26069 | Orc:1    | Gained mutation: You have a pair of large horns on your
                  | head. [potion of mutation]
 26174 | Orc:2    | Entered Level 2 of the Orcish Mines
 26288 | Orc:2    | Found a staircase to the Elven Halls.
 26459 | Orc:2    | Found Kigoqoef's Distillery.
 26544 | Orc:2    | Found Kanatayl's Armour Emporium.
 26544 | Orc:2    | Found Dacazus's Book Emporium.
 26545 | Orc:2    | Found Xerchelu's Jewellery Shop.
 26545 | Orc:2    | Found Qotelel's Book Shop.
 27201 | Orc:2    | Bought a potion of heal wounds for 65 gold pieces
 27201 | Orc:2    | Lost mutation: Your flesh is cold resistant. (rC+) [potion
                  | of mutation]
 27201 | Orc:2    | Lost mutation: Your flesh is heat resistant. (rF+) [potion
                  | of mutation]
 27201 | Orc:2    | Lost mutation: You sometimes lose your temper in combat.
                  | [potion of mutation]
 27201 | Orc:2    | Lost mutation: You occasionally lose the ability to drink
                  | potions when taking damage. [potion of mutation]
 27201 | Orc:2    | Gained mutation: You are frail. (-10% HP) [potion of
                  | mutation]
 27201 | Orc:2    | Lost mutation: You are frail. (-10% HP) [potion of
                  | mutation]
 27201 | Orc:2    | Gained mutation: Your skin changes colour to match your
                  | surroundings (Stealth+). [potion of mutation]
 27853 | D:14     | Reached skill level 16 in Invocations
 28130 | Abyss:3  | Found a corrupted altar of Lugonu.
 28130 | Abyss:3  | Cast into level 3 of the Abyss (a wizard)
 28168 | Abyss:3  | Noticed a tentacled starspawn
 28197 | Abyss:3  | Killed a tentacled starspawn
 28197 | Abyss:3  | Noticed a tentacled starspawn
 28224 | Abyss:3  | Killed a tentacled starspawn
 28248 | Abyss:3  | Noticed a bone dragon
 28263 | Abyss:3  | Gained mutation: You are dopey. (Int -2) [a neqoxec]
 28271 | Abyss:3  | Killed a bone dragon
 28355 | Abyss:3  | HP: 6/139 [sun demon (4)]
 28355 | Abyss:3  | Mangled by a sun demon

Illustrated notes

Levels and vault maps discovered:
D:1:      dpeg_arrival_tiny_j, layout_basic, nicolae_figureground_pulse
D:2:      minmay_evil_eye, layout_rooms, uniq_sigmund
D:3:      layout_loops_cross, dreamdust_ecumenical_altar_statues,
          kennysheep_minor_cross
D:4:      layout_loops_cross, vehumet_altar_wand_db, temple_statues,
          serial_co_window_serial, co_window_of_opportunity_a,
          co_window_paths_b, co_window_paths_a, co_window_paths_b,
          co_window_paths_b, co_window_corner_ca, co_window_unsneaky_path_e,
          co_window_corner_cb, co_window_broadway_a, co_window_corner_b,
          co_window_broadway_a, glass_columns_b
D:5:      layout_loops_ring, nicolae_uskayaw_suspiria
D:6:      minmay_skewed_foursquare, layout_loops_cross, slow_altar_1,
          nicolae_wu_jian_wuxing_cycle
D:7:      layout_basic, zin_statuary, okawaru_humans, minmay_manual_moon,
          uniq_duvessa
D:8:      layout_loops_ring, mainiacjoe_overflow_divided_tiny,
          david_lair_generic, minmay_misc_feat_alley, st_stairs_12,
          uniq_gastronok
D:9:      layout_roguey, nicolae_ru_path_of_blood, serial_shops, shop, shop,
          shop, nicolae_shop_window_shopping, uniq_erolcha
D:10:     layout_cave_pools, serial_shops, shop
D:11:     layout_long_grid, minmay_variable_closet, uniq_harold
D:12:     layout_cave_pools, erik_orc_4, serial_shops,
          nicolae_shop_hallway_plus, yredelemnul_altar_generic
D:13:     layout_irregular_city
D:14:     layout_roguey, david_vaults_3, nicolae_ashenzari_panopticon,
          minmay_more_statues
D:15:     hangedman_depths_entry_civil_slaughter, layout_loops_ring,
          skrybe_limestone_x, special_room [special_room_bee],
          nemelex_lonely_heart_becter
Temple:   nicolae_temple_god_jail
Lair:1:   layout_cave_shapes, portal_ice_cave_entry_ice_simulacra, uniq_amaemon
Lair:2:   layout_cave_pods, nzn_random_ring, grunt_megastairs_5,
          serial_bayou_shore_b, lemuel_fruit_fields
Lair:3:   layout_cave_pods, elwin_shoals_entry_rocks, spider_nest_entry_webs,
          gauntlet_entry_generic, cheibrodos_lair_lostbears, grunt_megastairs_2
Lair:4:   layout_hall_layers, patterned_corridor, grunt_megastairs_1
Lair:5:   hellmonk_lair_end_abyssal_woods, layout_layer_cave,
          nicolae_slime_entry_slimehenge, maelrawn_ghost_gauntlet_escape,
          grunt_megastairs_4
Orc:1:    dreamdust_dug_too_deep, layout_diamond_mine
Orc:2:    st_orc_elflike, layout_diamond_mine, serial_shops, shop
Abyss:3:  base: Orc:2, minivault_4, hangedman_illusive_loot,
          spicy_pingpong_abyss_rune

Skill      XL: |  1  2  3  4  5  6  7  8  9 10 11 12 13 14 15 |
---------------+----------------------------------------------+-----
Armour         | 4 5 6 7 8 9 10 11 12 14 | 14.9
Fighting       | 3 4 5 6 7 8 9 10 11 | 11.5
Axes           | 2 3 4 5 6 7 8 9 10 | 10.5
Shields        | 4 5 6 7 8 9 10 11 12 13 | 13.5
Invocations    | 1 3 5 7 9 10 12 13 15 16 | 16.3

Action                     |  1- 3 |  4- 6 |  7- 9 | 10-12 | 13-15 || total
---------------------------+-------+-------+-------+-------+-------++-------
  Melee: War axe           |    86 |   212 |   180 |    19 |       ||   497
         Tailslap          |     9 |    16 |    18 |    42 |   136 ||   221
         Unarmed           |    17 |       |       |       |       ||    17
         Kick              |       |       |    24 |   127 |   146 ||   297
         Headbutt          |       |       |    19 |    63 |   196 ||   278
         Bite              |       |       |    12 |    41 |    63 ||   116
         Broad axe         |       |       |       |   336 |   813 ||  1149
  Throw: Throwing net      |       |       |       |     2 |       ||     2
 Invoke: Upheaval          |       |       |       |     1 |       ||     1
         Disaster Area     |       |       |       |       |     1 ||     1
  Evoke: Wand              |       |       |       |    17 |     7 ||    24
         Phantom mirror    |       |       |       |       |     2 ||     2
    Use: Potion            |       |     2 |     9 |     5 |    17 ||    33
         Scroll            |       |       |     6 |    13 |    10 ||    29
   Stab: Invisible         |       |       |       |     1 |       ||     1
         Held in net/web   |       |       |       |       |     1 ||     1
 Armour: Scale mail        |    58 |   149 |    88 |    42 |       ||   337
         Skin              |     1 |       |    41 |       |       ||    42
         Robe              |       |       |       |    73 |     9 ||    82
         Plate armour      |       |       |       |    66 |   510 ||   576
  Dodge: Dodged            |    44 |    84 |    72 |   236 |   400 ||   836
         Repelled          |       |       |       |     3 |     7 ||    10
  Block: Buckler           |    16 |    44 |    96 |   267 |   814 ||  1237

Table legend: (Time is in decaauts)
 A = Elapsed time spent in this place.
 B = Non-inter-level travel time spent in this place.
 C = Inter-level travel time spent in this place.
 D = Time resting spent in this place.
 E = Time spent auto-exploring this place.
 F = Levels seen in this place.
 G = Mean time per level.
                   A        B        C        D        E       F      G
               +--------+--------+--------+--------+--------+-----+--------+
         Total |  28760 |  27682 |   1078 |   7926 |  12614 |  26 | 1106.2 |
       Dungeon |  15302 |  14585 |    717 |   2573 |   7859 |  15 | 1020.1 |
        Temple |    103 |    103 |      0 |      0 |      0 |   1 |  103.0 |
          Lair |   7596 |   7464 |    132 |   2060 |   3785 |   5 | 1519.2 |
  Orcish Mines |   4566 |   4338 |    228 |   2812 |    930 |   2 | 2283.0 |
         Abyss |    233 |    233 |      0 |      0 |      0 |   1 |  233.0 |
      Ice Cave |    263 |    263 |      0 |    232 |      0 |   1 |  263.0 |
      Gauntlet |    695 |    695 |      0 |    249 |     40 |   1 |  695.0 |
               +--------+--------+--------+--------+--------+-----+--------+

Top non-repeatable levels by time:
   Orc:1: 3133 daAuts
    D:14: 2265 daAuts
  Lair:1: 1707 daAuts
  Lair:2: 1669 daAuts
     D:8: 1622 daAuts
  Lair:5: 1598 daAuts
  Lair:4: 1437 daAuts
   Orc:2: 1432 daAuts
    D:10: 1281 daAuts
  Lair:3: 1182 daAuts
     D:5: 1177 daAuts
     D:4: 1120 daAuts
     D:7: 1106 daAuts
     D:6: 1088 daAuts
     D:3: 1062 daAuts
